 Dungeon Crawl Stone Soup version 0.24.0-123-gd5b16e6ec5 (webtiles) character file.

Game seed: 12510045028154012423, levelgen mode: deterministic

138 FishyPogo the Skirmisher (level 5, -5/42 HPs)
             Began as a Demonspawn Fighter on Jan 12, 2020.
             Killed by nerve-wracking pain
             ... invoked by an orc priest
              (13 damage)
             ... on level 4 of the Dungeon.
             The game lasted 00:04:18 (707 turns).

FishyPogo the Skirmisher (Demonspawn Fighter)        Turns: 707, Time: 00:04:20

Health: -5/42      AC: 13    Str: 17    XL:     5   Next: 1%
Magic:  5/5        EV:  7    Int: 15    God:
Gold:   64         SH:  9    Dex: 12    Spells: 4/4 levels left

rFire    . . .     SeeInvis .   a - +0 rapier
rCold    . . .     Gourm    .   c - +0 shield
rNeg     . . .     Faith    .   b - +0 scale mail
rPois    .         Spirit   .   (no helmet)
rElec    .         Reflect  .   (no cloak)
rCorr    .         Harm     .   l - +2 pair of gloves
MR       .....                  (no boots)
Stlth    ..........             (no amulet)
HPRegen  0.14/turn              (no ring)
MPRegen  0.09/turn              (no ring)

@: brilliant
A: hooves 2, slimy green scales 2
a: no special abilities


You were on level 4 of the Dungeon.
You were not hungry.

You visited 1 branch of the dungeon, and saw 4 of its levels.

You collected 64 gold pieces.

Inventory:

Hand Weapons
 a - a +0 rapier (weapon)
Missiles
 i - 28 stones (quivered)
Armour
 b - a +0 scale mail (worn)
 c - a +0 shield (worn)
 l - a +2 pair of gloves (worn)
Scrolls
 h - a scroll of teleportation {unknown}
 k - a scroll of remove curse
Potions
 d - a potion of might
Comestibles
 f - a ration
 g - a chunk of flesh


   Skills:
 * Level 4.1 Fighting
 + Level 2.4 Short Blades
 + Level 3.2 Armour
 * Level 3.7 Shields


You had 4 spell levels left.
You didn't know any spells.
Your spell library was empty.

Dungeon Overview and Level Annotations

Branches:
Dungeon (4/15)
 Temple: D:4-7

Altars:


Innate Abilities, Weirdness & Mutations

You have hoof-like feet.
You are mostly covered in slimy green scales. (AC +3)


Message History

You puncture the orc priest! Your kick misses the orc priest.
The orc priest is severely wounded.
You block the orc priest's attack.
You closely miss the orc priest.
The orc priest is severely wounded.
Your shield and scale mail prevent you from hitting the orc priest.
The orc priest is severely wounded.
The orc priest barely misses you. You block the orc priest's attack.
You hit the orc priest. Your kick misses the orc priest.
The orc priest is severely wounded.
The orc priest hits you with a +0 war axe.
* * * LOW HITPOINT WARNING * * *
You hit the orc priest but do no damage.
You kick the orc priest.
The orc priest is almost dead.
You hit the orc priest but do no damage.
The orc priest is almost dead.
The orc priest invokes the aid of Beogh against you.
Pain shoots through your body!
You die...

##### ######## #....
##......## #>...
##........## #...<
#(.........###....
#..........#......
#)................ ..#
#...........######
#....###@.........#####.
........o................
####.............########
#...............#
...............!..#
...###.#..........######
.. ...........(......## .
##............####... #.
.......?%## ####


You could see an orc priest.

Vanquished Creatures
  3 hounds (D:4)
  An orc priest (D:4)
  A leopard gecko (D:4)
  3 orcs (D:4)
  A giant cockroach (D:2)
  A goblin (D:3)
  2 bats
  A frilled lizard (D:1)
  4 kobolds
  4 rats
21 creatures vanquished.

Notes
Turn   | Place    | Note
-------+----------+-------------------------------------------
     0 | D:1      | FishyPogo the Demonspawn Fighter began the quest for the
                  | Orb.
     0 | D:1      | Reached XP level 1. HP: 18/18 MP: 1/1
   174 | D:2      | Gained mutation: You have large cloven feet. [demonic
                  | ancestry]
   174 | D:2      | Reached XP level 2. HP: 24/24 MP: 2/2
   324 | D:4      | Gained mutation: You are partially covered in slimy green
                  | scales. (AC +2) [demonic ancestry]
   324 | D:4      | Reached XP level 3. HP: 9/29 MP: 3/3
   570 | D:4      | Gained mutation: You are mostly covered in slimy green
                  | scales. (AC +3) [demonic ancestry]
   570 | D:4      | Reached XP level 4. HP: 16/37 MP: 4/4
   674 | D:4      | Reached skill level 4 in Fighting
   692 | D:4      | Gained mutation: You have hoof-like feet. [demonic
                  | ancestry]
   692 | D:4      | Reached XP level 5. HP: 24/42 MP: 5/5
   707 | D:4      | Killed from afar by an orc priest

Levels and vault maps discovered:
D:1:      dpeg_arrival_chase, layout_loops_cross, minivault_4,
          minmay_crystal_room, minivault_19, minmay_misc_feat_doors
D:2:      layout_rooms, ashenzari_altar_1, minmay_goblin_outpost
D:3:      layout_loops_corners, grunt_temple_overflow_opulence
D:4:      layout_rooms, first_ration

Skill      XL: |  1  2  3  4 |
---------------+-------------+-----
Short Blades   | 2 |  2.4
Shields        | 3 |  3.7
Armour         | 3 |  3.2
Fighting       | 4 |  4.1

Action                   |  1- 3 |  4- 6 || total
-------------------------+-------+-------++-------
Melee: Rapier            |    42 |    33 ||    75
       Kick              |     4 |     7 ||    11
Throw: Stone             |     1 |       ||     1
  Use: Scroll            |     1 |       ||     1
       Potion            |       |     2 ||     2
Armor: Scale mail        |    14 |    17 ||    31
Dodge: Dodged            |     9 |    14 ||    23
Block: Shield            |    18 |    24 ||    42
